 Dungeon Crawl Stone Soup version 0.18.1-50-g88ac8fd (webtiles) character file.

133 Holeefuk the Slasher (level 5, 31/41 HPs)
             Began as a Formicid Fighter on Sept 29, 2016.
             Quit the game on level 3 of the Dungeon.
             The game lasted 00:06:21 (2434 turns).

Holeefuk the Slasher (Formicid Fighter)             Turns: 2434, Time: 00:06:21

Health: 31/41      AC:  7    Str: 21    XL:     5   Next: 39%
Magic:  5/5        EV:  7    Int:  7    God:
Gold:   148        SH:  9    Dex: 11    Spells: 0 memorised, 4 levels left

rFire  + . .     SeeInvis +     a - +0 long sword
rCold  . . .     Gourm    .     b - +1 scale mail
rNeg   . . .     Faith    .     c - +0 shield
rPois  .         Spirit   +     (helmet unavailable)
rElec  .         Dismiss  .     (no cloak)
rCorr  .         Reflect  .     (no gloves)
SustAt .         Harm     .     (no boots)
MR     .....                    B - amulet of guardian spirit
Stlth  ..........               u - ring of protection from fire
                                n - ring of flight

@: drained, not resistant to hostile enchantments, extremely unstealthy
A: permanent stasis, dig shafts and tunnels, four strong arms, antennae 3
a: Dig, Shaft Self, Evoke Flight


You were on level 3 of the Dungeon.
You were very hungry.

You visited 1 branch of the dungeon, and saw 6 of its levels.

You collected 148 gold pieces.

Inventory:

Hand Weapons
 a - a +0 long sword (weapon)
Armour
 b - a +1 scale mail (worn)
 c - a +0 shield (worn)
Jewellery
 n - a ring of flight (left hand)
 r - an uncursed ring of fire
 u - a ring of protection from fire (right hand)
 B - an amulet of guardian spirit (around neck)
Wands
 s - a wand of heal wounds (8/9)
Scrolls
 e - a scroll of enchant armour
 q - 2 scrolls of identify
Potions
 d - 2 potions of might
 h - a potion of resistance {unknown}
 i - a potion of lignification {unknown}
 j - a potion of berserk rage {unknown}
 k - 2 potions of curing
 l - a potion of agility
 o - 3 potions of heal wounds {unknown}
 t - a potion of cure mutation {unknown}
 A - a potion of flight {unknown}
Comestibles
 f - 2 bread rations
 g - 3 meat rations
 p - 4 fruits
 v - a beef jerky


   Skills:
 - Level 3.2(2.9) Fighting
 + Level 5.2(4.8) Long Blades
 - Level 3.2(2.9) Armour
 - Level 3.6(3.2) Shields


You had 4 spell levels left.
You didn't know any spells.

Dungeon Overview and Level Annotations

Branches:
Dungeon (6/15)
 Temple: D:4-7

Altars:
Cheibriados
Okawaru
Qazlal
Sif Muna


Innate Abilities, Weirdness & Mutations

You are under a permanent stasis effect.
You can dig through walls and to a lower floor.
Your four strong arms can wield two-handed weapons with a shield.
You have a pair of large antennae on your head (SInv).


Message History

The worm closely misses you.
You slash the worm!
The worm is severely wounded.
You completely miss the worm.
The worm is severely wounded.
The worm bites you!
You hit the worm.
The worm is almost dead.
The worm barely misses you.
You slash the worm!
You kill the worm!
No target in view!
No target in view!
No target in view!
No target in view!
No target in view!
You open the door.
A giant gecko comes into view.
A giant gecko is nearby!
Are you sure you want to abandon this character and quit the game? (Confirm with "yes".)

#.# ##...## ##....# #.#
##.....## ##....# ##
#.###.......## ##.....#
##...#.##.........####...#####
#.......†.........+...........
##...#.##.........####...#####
#.....###.......## ##...#
#.##### ##.....## #.###.# #.
##.@.## #.# #.# # ##'## #. .#
#.# # # #.# ..# ... .l. ....


You could see a giant gecko.

Vanquished Creatures
  A gnoll sergeant (D:4)
  A worm (D:3)
  3 dart slugs (D:1)
  A giant gecko (D:1)
  6 bats
  3 giant cockroaches
  10 goblins
  10 hobgoblins
  4 jackals (D:4)
  4 kobolds (D:1)
  2 quokkas
  2 giant newts
  A jackal skeleton (D:3)
  8 rats
56 creatures vanquished.

Notes
Turn   | Place    | Note
--------------------------------------------------------------
     0 | D:1      | Holeefuk the Formicid Fighter began the quest for the Orb.
     0 | D:1      | Reached XP level 1. HP: 18/18 MP: 1/1
    44 | D:1      | Reached XP level 2. HP: 16/24 MP: 2/2
   126 | D:1      | Reached skill level 3 in Long Blades
   139 | D:1      | Reached XP level 3. HP: 12/29 MP: 3/3
  1224 | D:2      | Reached XP level 4. HP: 33/35 MP: 4/4
  1251 | D:2      | Reached skill level 4 in Long Blades
  1620 | D:3      | Found a deep blue altar of Sif Muna.
  1660 | D:3      | You fall through a shaft for 3 floors!
  1691 | D:5      | Entered Level 5 of the Dungeon
  1819 | D:4      | Noticed a gnoll sergeant
  1847 | D:4      | Killed a gnoll sergeant
  1847 | D:4      | Reached skill level 5 in Long Blades
  1847 | D:4      | Reached XP level 5. HP: 11/41 MP: 5/5
  1936 | D:4      | HP: 2/41 [jackal (2)]
  2114 | D:3      | Found a snail-covered altar of Cheibriados.
  2114 | D:3      | Found a stormy altar of Qazlal.
  2310 | D:3      | Found an iron altar of Okawaru.
  2434 | D:3      | Quit the game

Skill      XL: |  1  2  3  4 |
---------------+-------------+-----
Long Blades    | 3 5 |  5.2
Fighting       | |  3.2
Armour         | |  3.2
Shields        | |  3.6

Action                   |  1- 3 |  4- 6 || total
-------------------------+-------+-------++-------
Melee: Long sword        |   129 |    89 ||   218
 Abil: Dig               |       |     3 ||     3
  Use: Scroll            |       |     8 ||     8
  Eat: Chunk             |     1 |     3 ||     4
Armor: Scale mail        |    57 |    40 ||    97
Dodge: Dodged            |    33 |    25 ||    58
Block: Shield            |    75 |    47 ||   122
